 Seeded DCSS version 0.29.0-7-g18a832c13a (webtiles) character file.

Game seed: 1 (custom seed)

47 Kazon the Covered (level 3, -1/31 HPs)
             Began as a Demigod Fighter on Aug 30, 2022.
             Slain by a gnoll
             ... wielding a +0 halberd
              (7 damage)
             ... on level 2 of the Dungeon.
             The game lasted 00:04:23 (1028 turns).

Kazon the Covered (Demigod Fighter)                 Turns: 1028, Time: 00:04:24

Health: -1/31      AC:  6    Str: 21    XL:     3   Next: 29%
Magic:  5/5        EV:  9    Int: 10    God:
Gold:   134        SH:  5    Dex: 19    Spells: 2/2 levels left

rFire   . . .      SeeInvis .   a - +0 long sword
rCold   + + .      Faith    .   c - +0 buckler
rNeg    . . .      Spirit   .   b - +0 scale mail
rPois   .          Reflect  .   (no helmet)
rElec   .          Harm     .   (no cloak)
rCorr   .          Rampage  .   (no gloves)
Will    .....                   (no boots)
Stlth   ..........              f - amulet of regeneration
HPRegen 0.90/turn               e - ring of Accord {rC++ Dex+6}
MPRegen 0.09/turn               (no ring)

@: no status effects
A: high MP 1, forlorn, divine attributes
a: no special abilities


You were on level 2 of the Dungeon.
You visited 1 branch of the dungeon, and saw 3 of its levels.

You collected 134 gold pieces.

Inventory:

Hand Weapons
 a - a +0 long sword (weapon)
Missiles
 k - 6 stones (quivered)
 l - 7 poisoned darts
Armour
 b - a +0 scale mail (worn)
 c - a +0 buckler (worn)
Jewellery
 e - the ring of Accord (left hand) {rC++ Dex+6}
   (You acquired it on level 1 of the Dungeon)

   [ring of dexterity]

   Dex:       It affects your dexterity (+6).
   rC:        It greatly protects you from cold.
 f - an amulet of regeneration (around neck)
Scrolls
 j - a scroll of identify {unknown}
Potions
 d - a potion of might
 g - a potion of haste {unknown}
 h - a potion of flight {unknown}
 i - a potion of attraction {unknown}


   Skills:
 * Level 3.0 Fighting
 + Level 2.2 Long Blades
 * Level 0.1 Throwing
 + Level 3.1 Armour
 + Level 0.5 Dodging
 + Level 3.0 Shields


You had 2 spell levels left.
You didn't know any spells.
Your spell library was empty.

Dungeon Overview and Level Annotations

Branches:
Dungeon (3/15)

Shops:
D:3 (


Innate Abilities, Weirdness & Mutations

You have an increased reservoir of magic. (+10% MP)
You shall have no god before yourself.
Your divine heritage dramatically boosts your attributes as you level up.


Message History

The gnoll hits you but does no damage. The gnoll barely misses you.
The gnoll closely misses you.
You hit the gnoll.
The gnoll is heavily wounded.
The gnoll hits you with a +0 spear.
You barely miss the gnoll.
The gnoll is heavily wounded.
The gnoll hits you but does no damage. You block the gnoll's attack.
You barely miss the gnoll.
The gnoll hits you from afar with a +0 halberd!
The gnoll hits you from afar with a +0 spear.
You block the gnoll's attack.
Unknown command.
The gnoll closely misses you.
The gnoll hits you from afar with a +0 halberd!
* * * LOW HITPOINT WARNING * * *
The goblin unwields a +0 club.
The goblin wields a +0 sling.
The goblin shoots a sling bullet.
The sling bullet barely misses you.
The goblin shoots a sling bullet.
The sling bullet barely misses you. You block the gnoll's attack.
The gnoll attacks as you move away! The gnoll hits you with a +0 whip!
* * * LOW HITPOINT WARNING * * *
You hit the gnoll.
The gnoll is moderately wounded.
The gnoll closely misses you.
You hit the gnoll.
The gnoll is heavily wounded.
The gnoll hits you but does no damage. The gnoll hits you with a +0 whip.
* * * LOW HITPOINT WARNING * * *
You slash the gnoll!
You kill the gnoll!
The ball python closely misses you. You block the ball python's attack.
You barely miss the ball python. You block the ball python's attack.
The ball python barely misses you. The gnoll hits you but does no damage.
You block the ball python's attack. The ball python completely misses you.
You hit the ball python.
You kill the ball python!
The gnoll hits you from afar with a +0 halberd!
You die...

#...g... ..#.#.# #
#.#.#.#.# #.#
######.#.#.#.# #.#
#.........g..# #.#
#.##.....gJ### #.#
#.##..####g# #<#
#.##..# #)# #.#
#.##..# #@# #.#
#.##..####.#
#.#####..........#
.......>##..######
####....##..#
............#
.#########.## .#
#.# .# #.#


You could see 2 gnolls, an endoplasm and a goblin.

Vanquished Creatures
  A gnoll (D:2)
  An adder (D:2)
  A worm (D:2)
  4 endoplasms (D:1)
  A giant cockroach (D:1)
  4 goblins (D:1)
  3 hobgoblins
  2 kobolds
  A quokka (D:1)
  A ball python (D:2)
  2 bats
  3 rats (D:1)
24 creatures vanquished.

Notes
Turn   | Place    | Note
-------+----------+-------------------------------------------
     0 | D:1      | Kazon the Demigod Fighter began the quest for the Orb.
     0 | D:1      | Reached XP level 1. HP: 18/18 MP: 3/3
    40 | D:1      | Identified a scroll of acquirement
    40 | D:1      | Acquired the ring of Accord {rC++ Dex+6}
   221 | D:1      | Reached XP level 2. HP: 23/25 MP: 4/4
   816 | D:3      | Found Umat's Antique Weapon Boutique.
   901 | D:2      | Reached XP level 3. HP: 31/31 MP: 5/5
  1028 | D:2      | Slain by a gnoll

Illustrated notes

Levels and vault maps discovered:
D:1:      dpeg_arrival_three_smaller_balls, layout_basic
D:2:      layout_loops_ring
D:3:      layout_basic, serial_shops, nicolae_shop_stone, st_stairs_7

Skill      XL: |  1  2 |
---------------+-------+-----
Armour         | 3 |  3.1
Fighting       | 3 |  3.0
Long Blades    | 2 |  2.2
Shields        | 3 |  3.0
Throwing       | |  0.1
Dodging        | |  0.5

Action                   || total
-------------------------++-------
Melee: Long sword        ||    75
Throw: Stone             ||     2
  Use: Scroll            ||     1
Armor: Scale mail        ||    37
Dodge: Dodged            ||    41
Block: Buckler           ||    25
